 Dungeon Crawl Stone Soup version 0.27-b1-23-g44b8eac545 (webtiles) character file.

Game seed: 12211381089219852125

52 mhtbhm the Bolt Thrower (level 4, -3/27 HPs)
             Began as a Kobold Hunter on July 27, 2021.
             Slain by Sigmund (20 damage)
             ... on level 2 of the Dungeon.
             The game lasted 00:01:34 (2096 turns).

mhtbhm the Bolt Thrower (Kobold Hunter)             Turns: 2096, Time: 00:01:35

Health: -3/27      AC:  3    Str: 10    XL:     4   Next: 8%
Magic:  4/4        EV: 14    Int: 12    God:
Gold:   75         SH:  0    Dex: 15    Spells: 3/3 levels left

rFire    . . .     SeeInvis .   b - +0 short sword
rCold    . . .     Faith    .   (shield restricted)
rNeg     . . .     Spirit   .   c - +0 leather armour
rPois    .         Reflect  .   (no helmet)
rElec    .         Harm     .   (no cloak)
rCorr    +         Rampage  .   (no gloves)
Will     .....                  (no boots)
Stlth    +++.......             (no amulet)
HPRegen  0.09/turn              j - ring of resist corrosion
MPRegen  0.09/turn              (no ring)

@: hasted, very quick
A: small, no large weapons, nightstalker 3
a: no special abilities


You were on level 2 of the Dungeon.
You visited 1 branch of the dungeon, and saw 2 of its levels.

You collected 75 gold pieces.

Inventory:

Hand Weapons
 a - a +1 hand crossbow
 b - a +0 short sword (weapon)
Missiles
 d - 34 bolts
Armour
 c - a +0 leather armour (worn)
Jewellery
 j - a ring of resist corrosion (left hand)
Scrolls
 h - a scroll of torment {unknown}
 i - a scroll of vulnerability {unknown}
 m - a scroll of enchant weapon {unknown}
Potions
 f - a potion of ambrosia {unknown}
 g - a potion of curing {unknown}
 k - a potion of resistance {unknown}
 l - a potion of heal wounds {unknown}


   Skills:
 + Level 2.5 Fighting
 + Level 1.5 Short Blades
 + Level 5.4 Crossbows
 + Level 0.6 Armour
 + Level 2.6 Dodging
 + Level 2.6 Stealth


You had 3 spell levels left.
You didn't know any spells.
Your spell library contained the following spells:

 Spells                   Type           Power      Damage    Failure   Level
 Corona                   Hex            0%         N/A       41%         1
 Pain                     Necr           0%         1d4       41%         1
 Summon Small Mammal      Summ           0%         N/A       41%         1
 Ensorcelled Hibernation  Hex/Ice        0%         N/A       56%         2
 Sublimation of Blood     Necr           0%         N/A       56%         2
 Call Canine Familiar     Summ           0%         N/A       80%         3
 Summon Guardian Golem    Hex/Summ       0%         N/A       80%         3
 Tukima's Dance           Hex            0%         N/A       80%         3
 Petrify                  Tmut/Erth      0%         N/A       99%         4
 Agony                    Necr           0%         N/A       100%        5
 Excruciating Wounds      Necr           0%         N/A       100%        5
 Irradiate                Conj/Tmut      0%         3d14      100%        5


Dungeon Overview and Level Annotations

Branches:
Dungeon (2/15)

Altars:

Annotations:
D:2 Sigmund


Innate Abilities, Weirdness & Mutations

You are small and have problems with some larger weapons.
You are completely attuned to the shadows.


Message History

The ball python bites you but does no damage.
The ball python constricts you.
You closely miss the ball python.
The ball python is severely wounded.
The ball python bites you. The ball python constricts you.
The ball python bites you but does no damage.
The ball python constricts you.
You closely miss the ball python.
The ball python is severely wounded.
The ball python misses you. The ball python constricts you.
You hit the ball python.
You kill the ball python!
Sigmund misses you.
You hit Sigmund.
Sigmund is lightly wounded.
Sigmund drinks a potion.
Sigmund seems to grow stronger.
Sigmund hits you with a +0 scythe!
You barely miss Sigmund.
Sigmund is lightly wounded.
Sigmund closely misses you.
You hit Sigmund.
Sigmund is lightly wounded.
Sigmund gestures at you while chanting. You resist with some effort.
You closely miss Sigmund.
Sigmund is lightly wounded.
Sigmund laughs darkly.
Sigmund misses you.
You hit Sigmund.
Sigmund is moderately wounded.
Sigmund casts a spell.
Sigmund flickers and vanishes!
Deactivating autopickup; reactivate with Ctrl-A.
No target in view!
No target in view!
No target in view!
Unknown command.
It was a potion of haste.
You feel yourself speed up. Something hits you!!
Ouch! That really hurt!
You die...

...##........#.......#
...##.......)#.......#
...##................# ##/...
..............###...## #....# .#
...##.........# ###.# ....#...
#.###.........#####.#### #..#...
#.###.............#....##.#....#
..............###.........#..###
...... ...{@......#.....# .....#
..########...###.#### ...<.# .
#.....#......# .....#
..####.###.#......# .....
....†#.# #........# .....
...#.[.##.........# .....
#................# .....
##..####..#......# ..... ##..#
#..#......#


There were no monsters in sight!

Vanquished Creatures
  An adder (D:2)
  A worm (D:2)
  2 dart slugs
  2 endoplasms (D:2)
  A giant cockroach (D:2)
  3 goblins
  3 hobgoblins
  2 kobolds
  2 quokkas (D:2)
  6 ball pythons
  5 bats
  7 rats
35 creatures vanquished.

Vanquished Creatures (others)
  A plant (D:1)
1 creature vanquished.

Grand Total: 36 creatures vanquished

Notes
Turn   | Place    | Note
-------+----------+-------------------------------------------
     0 | D:1      | mhtbhm the Kobold Hunter began the quest for the Orb.
     0 | D:1      | Reached XP level 1. HP: 12/12 MP: 1/1
   129 | D:1      | Reached skill level 5 in Crossbows
   179 | D:1      | Found a faded altar of an unknown god.
   217 | D:1      | Reached XP level 2. HP: 3/17 MP: 2/2
  1202 | D:1      | Reached XP level 3. HP: 22/22 MP: 3/3
  1407 | D:2      | Reached skill level 1 in Short Blades
  1915 | D:2      | Reached XP level 4. HP: 17/27 MP: 4/4
  2083 | D:2      | Noticed Sigmund
  2096 | D:2      | Slain by Sigmund

Illustrated notes

Levels and vault maps discovered:
D:1:      minmay_arrival_plants_in_alcoves, layout_loops_ring,
          chequers_ecumenical_altar_lobes
D:2:      layout_rooms, minmay_misc_feat_columns, minmay_misc_feat_tower,
          uniq_sigmund

Skill      XL: |  1  2  3 |
---------------+----------+-----
Crossbows      | 5 |  5.4
Short Blades   | 1 |  1.5
Stealth        | 2 |  2.6
Fighting       | |  2.5
Armour         | |  0.6
Dodging        | |  2.6

Action                   |  1- 3 |  4- 6 || total
-------------------------+-------+-------++-------
Melee: Short sword       |    99 |    14 ||   113
 Fire: Hand crossbow     |    13 |       ||    13
  Use: Potion            |       |     1 ||     1
 Stab: Sleeping          |    11 |     1 ||    12
Armor: Leather armour    |    16 |     4 ||    20
Dodge: Dodged            |    63 |     6 ||    69
